Demolitions vs Sewer Rats
Created - 13 novembre 2012 at 22:39
Goals
|
| Demolitions |
0 |
3 |
2 |
0 |
1 |
6 |
| Sewer Rats |
1 |
1 |
3 |
0 |
0 |
5 |
|
Shots
|
| Demolitions |
5 |
16 |
17 |
0 |
3 |
38 |
| Sewer Rats |
14 |
11 |
15 |
2 |
3 |
42 |
|
1st period
1. Sewer Rats , Ville Leino 1 (Shawn Matthias) at 15:13
Penalties :
Marco Sturm (Vic) for Interference (Minor) at 10:59, Andrew Ladd (Tol) for Hooking (Minor) at 15:29, Karel Rachunek (Tol) for High sticking (Minor) at 16:39
2nd period
2. Demolitions , Adam Burish 1 (Dennis Seidenberg, Marco Sturm) at 0:16
3. Demolitions , Brandon Bochenski 1 (Vince Rocco) at 7:20
4. Demolitions , Adam Burish 2 (Brad Richardson) at 7:30
5. Sewer Rats , Vojtech Polak 1 (Niko Dimitrakos, Raphael Diaz) at 14:16
Penalties :
Vladimir Mihalik (Vic) for Interference (Minor) at 17:08
3rd period
6. Sewer Rats , Karel Rachunek 1 (Ryan Callahan, Bryan Little) at 1:37 (PP)
7. Demolitions , Dennis Seidenberg 1 (Jeremy Williams, Janne Niskala) at 2:14
8. Sewer Rats , Ryan Callahan 1 (Andrew Ladd, Bryan Little) at 7:40
9. Demolitions , Petr Vrana 1 (Jeremy Williams, Ryan Craig) at 8:13
10. Sewer Rats , Bryan Little 1 (Mattias Norstrom, Kyle Quincey) at 10:11
Penalties :
Anton Babchuk (Vic) for Hooking (Minor) at 1:23, Chris Clark (Tol) for Holding (Minor) at 12:45
Overtime #1
No Goal
Penalties :
No Penalty
Shootout
Penalty Shot by Adam Burish for Demolitions - Stopped by Jhonas Enroth
Penalty Shot by Maxim Talbot for Sewer Rats - Stopped by Antero Niittymaki
Penalty Shot by Jeremy Williams for Demolitions - Goal!
Penalty Shot by Andrew Ladd for Sewer Rats - Stopped by Antero Niittymaki
Penalty Shot by Brad Richardson for Demolitions - Stopped by Jhonas Enroth
Penalty Shot by Bryan Little for Sewer Rats - Stopped by Antero Niittymaki
Penalties :
No Penalty
Goalie Stats
Antero Niittymaki (Vic), 37 saves from 42 shots - (0,881), W, 1-0-0, 65:00 minutes
Jhonas Enroth (Tol), 33 saves from 38 shots - (0,868), OTL, 0-0-1, 65:00 minutes
Players Stats for Demolitions
Player Name G A P +/- PIM S H SB GA TA FO MP PP MP PK MP
------------------------------------------------------------------------------------
Adam Burish 2 0 2 2 0 9 2 1 0 0 4/5 23:48 2:25 2:00
Andy Rogers 0 0 0 1 0 1 0 1 0 0 0/0 22:54 2:13 1:25
Anssi Salmela 0 0 0 0 0 0 0 0 0 0 0/0 2:37 0:00 0:08
Anthony Stewart 0 0 0 -1 0 3 2 0 0 0 1/1 14:25 0:28 0:49
Anton Babchuk 0 0 0 0 2 3 1 1 0 0 0/0 12:30 0:00 0:08
Brad Richardson 0 1 1 2 0 2 3 0 1 0 23/31 22:06 2:20 0:58
Brandon Bochenski 1 0 1 -1 0 3 1 0 2 0 0/1 9:42 0:39 0:00
Dennis Seidenberg 1 1 2 0 0 4 0 0 0 1 0/0 27:26 2:55 2:39
James Sheppard 0 0 0 -1 0 0 1 0 0 0 1/9 13:55 0:00 1:14
Janne Niskala 0 1 1 0 0 2 1 1 1 1 0/0 29:21 2:55 2:39
Jeremy Williams 0 2 2 1 0 2 1 0 0 0 0/1 19:58 2:12 2:14
Marco Sturm 0 1 1 2 2 5 0 1 1 0 0/1 21:08 2:20 0:36
Masi Marjamaki 0 0 0 -1 0 1 2 0 0 0 0/0 14:54 0:36 0:33
Petr Vrana 1 0 1 1 0 2 0 0 1 0 0/1 15:48 2:12 0:00
Robert Klinkhammer 0 0 0 -1 0 0 0 0 0 0 0/0 6:59 0:00 0:00
Ryan Craig 0 1 1 1 0 0 3 0 0 0 2/6 15:59 2:12 0:00
Taylor Chorney 0 0 0 1 0 1 0 1 0 0 0/0 22:54 2:13 1:25
Vince Rocco 0 1 1 -1 0 0 1 0 0 0 1/4 6:59 0:00 0:00
Vladimir Mihalik 0 0 0 0 2 0 2 3 0 2 0/0 12:22 0:00 0:00
Players Stats for Sewer Rats
Player Name G A P +/- PIM S H SB GA TA FO MP PP MP PK MP
------------------------------------------------------------------------------------
Andrew Ladd 0 1 1 1 2 5 0 0 1 1 1/2 23:00 2:15 1:08
Bryan Little 1 2 3 1 0 4 1 0 1 0 11/25 21:53 2:15 1:04
Chris Clark 0 0 0 -1 2 1 2 1 0 0 0/0 17:03 0:02 1:37
Karel Rachunek 1 0 1 -2 2 2 2 2 1 1 0/0 28:42 2:32 1:56
Kyle Quincey 0 1 1 2 0 0 0 0 0 1 0/0 16:17 1:40 0:30
Lars Eller 0 0 0 0 0 0 3 0 0 0 1/4 8:38 0:00 0:00
Mark Mancari 0 0 0 -1 0 5 3 0 0 0 1/1 13:17 0:02 0:00
Matt Lashoff 0 0 0 -1 0 1 4 0 0 1 0/0 20:11 0:02 2:13
Mattias Norstrom 0 1 1 2 0 2 1 1 0 0 0/0 16:25 1:40 1:49
Max Pacioretty 0 0 0 -1 0 1 2 0 0 0 1/1 17:41 1:55 2:05
Maxim Talbot 0 0 0 -1 0 6 2 0 0 0 5/14 19:52 1:55 2:37
Mike Rathje 0 0 0 -2 0 1 1 1 0 0 0/0 22:59 0:00 2:55
Niko Dimitrakos 0 1 1 0 0 1 0 1 1 0 0/0 10:50 1:55 0:34
Raphael Diaz 0 1 1 -1 0 1 1 1 0 0 0/0 25:40 2:32 0:52
Ryan Callahan 1 1 2 1 0 7 0 1 0 1 2/2 20:27 2:15 0:00
Shawn Matthias 0 1 1 -1 0 1 2 2 0 0 6/11 10:57 0:00 0:00
Ville Leino 1 0 1 -1 0 3 0 1 0 0 0/0 11:30 0:00 0:22
Vojtech Polak 1 0 1 0 0 1 0 0 0 1 0/0 8:38 0:00 0:00
3 Stars
1 - Adam Burish (Vic)
2 - Bryan Little (Tol)
3 - Ryan Callahan (Tol)
Power Play
Demolitions - 0 on 3 Attempt(s) - 0,00%
Sewer Rats - 1 on 3 Attempt(s) - 33,33%
Penalty Kill
Demolitions - 2 on 3 Attempt(s) - 66,67%
- Score 0 goal in Penalty Kill
Sewer Rats - 3 on 3 Attempt(s) - 100,00%
- Score 0 goal in Penalty Kill
Official
Referees : Rehman Kyle and Sutherland Kelly
Linesman : Brian Mach and Ryan Galloway
Game Notes
No Game Note
Demolitions
5 vs 5 Forward
Center Left Wing Right Wing Time % Phy DF OF
1 Brad Richardson Marco Sturm Adam Burish 40 1 2 2
2 Ryan Craig Petr Vrana Jeremy Williams 30 1 2 2
3 James Sheppard Masi Marjamaki Anthony Stewart 20 1 2 2
4 Vince Rocco Robert Klinkhammer Brandon Bochenski 10 1 2 2
5 vs 5 Defense
Defense Defense Time % Phy DF OF
1 Janne Niskala Dennis Seidenberg 40 1 2 2
2 Andy Rogers Taylor Chorney 30 1 2 2
3 Anton Babchuk Vladimir Mihalik 20 1 2 2
4 Anssi Salmela Janne Niskala 10 1 2 2
PowerPlay Forward
Center Left Wing Right Wing Time % Phy DF OF
1 Brad Richardson Marco Sturm Adam Burish 60 1 2 2
2 Ryan Craig Petr Vrana Jeremy Williams 40 1 2 2
PowerPlay Defense
Defense Defense Time % Phy DF OF
1 Janne Niskala Dennis Seidenberg 60 1 2 2
2 Andy Rogers Taylor Chorney 40 1 2 2
Penalty Kill 4 Players Forward
Center Wing Time % Phy DF OF
1 Adam Burish Jeremy Williams 60 1 2 2
2 Brad Richardson Anthony Stewart 40 1 2 2
Penalty Kill 4 Players Defense
Defense Defense Time % Phy DF OF
1 Janne Niskala Dennis Seidenberg 60 1 2 2
2 Andy Rogers Taylor Chorney 40 1 2 2
Penalty Kill - 3 Players Forward
Forward Time % Phy DF OF
1 Adam Burish 60 1 2 2
2 Jeremy Williams 40 1 2 2
Penalty Kill - 3 Players Defense
Defense Defense Time % Phy DF OF
1 Janne Niskala Dennis Seidenberg 60 1 2 2
2 Andy Rogers Taylor Chorney 40 1 2 2
4 vs 4 Forward
Center Wing Time % Phy DF OF
1 Adam Burish Jeremy Williams 60 1 2 2
2 Brad Richardson Anthony Stewart 40 1 2 2
4 vs 4 Defense
Defense Defense Time % Phy DF OF
1 Janne Niskala Dennis Seidenberg 60 1 2 2
2 Andy Rogers Taylor Chorney 40 1 2 2
Last Minutes Offensive
Center Left Wing Right Wing Defense Defense
Brad Richardson Marco Sturm Adam Burish Janne Niskala Dennis Seidenberg
Last Minutes Defensive
Center Left Wing Right Wing Defense Defense
Brad Richardson Marco Sturm Adam Burish Janne Niskala Dennis Seidenberg
Goaltenders
Starting : Antero Niittymaki
Backup : Sergei Bobrovsky
Extra Forwards
Normal : Brandon Bochenski, Masi Marjamaki, James Sheppard - PP : Brandon Bochenski, Masi Marjamaki - PK : James Sheppard
Extra Defensemen
Normal : Anton Babchuk, Vladimir Mihalik, Anssi Salmela - PP : Anton Babchuk - PK : Vladimir Mihalik, Anssi Salmela
Penalty Shots
Adam Burish, Jeremy Williams, Brad Richardson, Anthony Stewart, Marco Sturm
Sewer Rats
5 vs 5 Forward
Center Left Wing Right Wing Time % Phy DF OF
1 Bryan Little Andrew Ladd Ryan Callahan 40 1 2 2
2 Maxim Talbot Max Pacioretty Chris Clark 30 1 2 2
3 Shawn Matthias Ville Leino Mark Mancari 20 1 2 2
4 Lars Eller Vojtech Polak Niko Dimitrakos 10 1 2 2
5 vs 5 Defense
Defense Defense Time % Phy DF OF
1 Raphael Diaz Karel Rachunek 40 1 2 2
2 Mike Rathje Matt Lashoff 30 1 2 2
3 Kyle Quincey Mattias Norstrom 20 1 2 2
4 Mike Rathje Karel Rachunek 10 1 2 2
PowerPlay Forward
Center Left Wing Right Wing Time % Phy DF OF
1 Bryan Little Andrew Ladd Ryan Callahan 60 1 2 2
2 Maxim Talbot Max Pacioretty Niko Dimitrakos 40 1 2 2
PowerPlay Defense
Defense Defense Time % Phy DF OF
1 Raphael Diaz Karel Rachunek 60 1 2 2
2 Kyle Quincey Mattias Norstrom 40 1 2 2
Penalty Kill 4 Players Forward
Center Wing Time % Phy DF OF
1 Maxim Talbot Chris Clark 60 1 2 2
2 Niko Dimitrakos Andrew Ladd 40 1 2 2
Penalty Kill 4 Players Defense
Defense Defense Time % Phy DF OF
1 Mike Rathje Karel Rachunek 60 1 2 2
2 Mattias Norstrom Matt Lashoff 40 1 2 2
Penalty Kill - 3 Players Forward
Forward Time % Phy DF OF
1 Maxim Talbot 60 1 2 2
2 Andrew Ladd 40 1 2 2
Penalty Kill - 3 Players Defense
Defense Defense Time % Phy DF OF
1 Raphael Diaz Karel Rachunek 60 1 2 2
2 Mike Rathje Matt Lashoff 40 1 2 2
4 vs 4 Forward
Center Wing Time % Phy DF OF
1 Maxim Talbot Andrew Ladd 60 1 2 2
2 Bryan Little Ryan Callahan 40 1 2 2
4 vs 4 Defense
Defense Defense Time % Phy DF OF
1 Raphael Diaz Karel Rachunek 60 1 2 2
2 Mike Rathje Matt Lashoff 40 1 2 2
Last Minutes Offensive
Center Left Wing Right Wing Defense Defense
Bryan Little Max Pacioretty Ryan Callahan Raphael Diaz Karel Rachunek
Last Minutes Defensive
Center Left Wing Right Wing Defense Defense
Maxim Talbot Andrew Ladd Niko Dimitrakos Mike Rathje Karel Rachunek
Goaltenders
Starting : Jhonas Enroth
Backup : Cédric Desjardins
Extra Forwards
Normal : Chris Clark, Mark Mancari, Max Pacioretty - PP : Chris Clark, Mark Mancari - PK : Max Pacioretty
Extra Defensemen
Normal : Kyle Quincey, Raphael Diaz, Mike Rathje - PP : Kyle Quincey - PK : Raphael Diaz, Mike Rathje
Penalty Shots
Maxim Talbot, Andrew Ladd, Bryan Little, Ryan Callahan, Niko Dimitrakos
% Time on Ice - Demolitions
Lines # - Real PCT - Wanted PCT - Time Play
Normal Forward
1 - 36% - 40% - 18:14
2 - 27% - 30% - 13:42
3 - 23% - 20% - 11:45
4 - 14% - 10% - 6:59
Normal Defense
1 - 38% - 40% - 19:26
2 - 34% - 30% - 17:01
3 - 24% - 20% - 12:04
4 - 4% - 10% - 2:09
PP Forward
1 - 57% - 60% - 2:56
2 - 43% - 40% - 2:12
PP Defense
1 - 57% - 60% - 2:55
2 - 43% - 40% - 2:13
PK Forward
1 - 81% - 60% - 3:23
2 - 19% - 40% - 0:49
PK Defense
1 - 63% - 60% - 2:39
2 - 37% - 40% - 1:33
PK3 Forward
1 - 0% - 60%
2 - 0% - 40%
PK3 Defense
1 - 0% - 60%
2 - 0% - 40%
44 Forward
1 - 78% - 60% - 3:54
2 - 22% - 40% - 1:06
44 Defense
1 - 53% - 60% - 2:39
2 - 47% - 40% - 2:21
Last Minute Offensive - 0:00
Last Minute Defensive - 0:00
Total
Forward - 65:00
Defense - 65:00
|
% Time on Ice - Sewer Rats
Lines # - Real PCT - Wanted PCT - Time Play
Normal Forward
1 - 35% - 40% - 17:29
2 - 27% - 30% - 13:36
3 - 22% - 20% - 10:57
4 - 17% - 10% - 8:38
Normal Defense
1 - 40% - 40% - 20:28
2 - 31% - 30% - 15:34
3 - 24% - 20% - 12:01
4 - 5% - 10% - 2:37
PP Forward
1 - 54% - 60% - 2:17
2 - 46% - 40% - 1:55
PP Defense
1 - 60% - 60% - 2:32
2 - 40% - 40% - 1:40
PK Forward
1 - 87% - 60% - 3:45
2 - 13% - 40% - 0:34
PK Defense
1 - 58% - 60% - 2:30
2 - 42% - 40% - 1:49
PK3 Forward
1 - 53% - 60% - 0:26
2 - 47% - 40% - 0:23
PK3 Defense
1 - 100% - 60% - 0:49
2 - 0% - 40% - 0:00
44 Forward
1 - 79% - 60% - 3:57
2 - 21% - 40% - 1:03
44 Defense
1 - 61% - 60% - 3:02
2 - 39% - 40% - 1:58
Last Minute Offensive - 0:00
Last Minute Defensive - 0:00
Total
Forward - 65:00
Defense - 65:00
|
Play by Play
1st period
0:01 of 1st period - Brad Richardson wins face-off versus Bryan Little in neutral zone.
0:14 of 1st period - Snap shot by Andrew Ladd.
0:14 of 1st period - Shot Blocked by Janne Niskala.
0:31 of 1st period - Andy Rogers is hit by Chris Clark.
0:53 of 1st period - Wrist shot by Niko Dimitrakos.
0:53 of 1st period - Shot Misses the Net.
0:55 of 1st period - Wrist shot by Lars Eller.
0:55 of 1st period - Shot Misses the Net.
1:13 of 1st period - Snap shot by Mark Mancari.
1:13 of 1st period - Stopped by Antero Niittymaki without a rebound.
1:14 of 1st period - Bryan Little wins face-off versus Vince Rocco in Demolitions zone.
1:19 of 1st period - Slapshot by Andrew Ladd.
1:19 of 1st period - Stopped by Antero Niittymaki with a rebound.
1:21 of 1st period - Snap shot by Bryan Little.
1:21 of 1st period - Shot Misses the Net.
1:23 of 1st period - Slapshot by Mattias Norstrom.
1:23 of 1st period - Stopped by Antero Niittymaki with a rebound.
1:25 of 1st period - Wrist shot by Andrew Ladd.
1:25 of 1st period - Stopped by Antero Niittymaki with a rebound.
1:27 of 1st period - Slapshot by Mattias Norstrom.
1:27 of 1st period - Shot Blocked by Vladimir Mihalik.
1:41 of 1st period - Maxim Talbot is hit by Brad Richardson and loses puck.
2:04 of 1st period - Wrist shot by Anthony Stewart.
2:04 of 1st period - Stopped by Jhonas Enroth without a rebound.
2:05 of 1st period - Shawn Matthias wins face-off versus James Sheppard in Sewer Rats zone.
2:12 of 1st period - Wrist shot by Anthony Stewart.
2:12 of 1st period - Shot Misses the Net.
2:14 of 1st period - Snap shot by Janne Niskala.
2:14 of 1st period - Deflect By Mike Rathje.
2:14 of 1st period - Stopped by Jhonas Enroth without a rebound.
2:15 of 1st period - Ryan Callahan wins face-off versus Ryan Craig in Sewer Rats zone.
2:15 of 1st period - Ryan Callahan is hit by Ryan Craig.
2:47 of 1st period - Snap shot by Brad Richardson.
2:47 of 1st period - Stopped by Jhonas Enroth with a rebound.
3:05 of 1st period - Snap shot by Ville Leino.
3:05 of 1st period - Stopped by Antero Niittymaki with a rebound.
3:07 of 1st period - Slapshot by Matt Lashoff.
3:07 of 1st period - Deflect By Mark Mancari.
3:07 of 1st period - Stopped by Antero Niittymaki with a rebound.
3:09 of 1st period - Wrist shot by Ville Leino.
3:09 of 1st period - Shot Misses the Net.
3:11 of 1st period - Slapshot by Matt Lashoff.
3:11 of 1st period - Shot Blocked by Vladimir Mihalik.
3:29 of 1st period - Slapshot by Niko Dimitrakos.
3:29 of 1st period - Stopped by Antero Niittymaki without a rebound.
3:30 of 1st period - Adam Burish wins face-off versus Bryan Little in Demolitions zone.
4:05 of 1st period - Icing by Mattias Norstrom.
4:06 of 1st period - Brad Richardson wins face-off versus Maxim Talbot in Sewer Rats zone.
4:55 of 1st period - Snap shot by Mark Mancari.
4:55 of 1st period - Stopped by Antero Niittymaki without a rebound.
4:56 of 1st period - Brad Richardson wins face-off versus Shawn Matthias in Demolitions zone.
5:09 of 1st period - Snap shot by Brad Richardson.
5:09 of 1st period - Shot Blocked by Karel Rachunek.
5:11 of 1st period - Snap shot by Brad Richardson.
5:11 of 1st period - Shot Misses the Net.
5:21 of 1st period - Karel Rachunek is hit by Ryan Craig and loses puck.
5:47 of 1st period - Anthony Stewart is hit by Max Pacioretty.
6:05 of 1st period - Niko Dimitrakos is hit by Brandon Bochenski and loses puck.
6:26 of 1st period - Snap shot by Brad Richardson.
6:26 of 1st period - Shot Blocked by Ville Leino.
6:28 of 1st period - Slapshot by Taylor Chorney.
6:28 of 1st period - Shot Blocked by Mattias Norstrom.
6:30 of 1st period - Slapshot by Taylor Chorney.
6:30 of 1st period - Shot Blocked by Shawn Matthias.
7:08 of 1st period - Slapshot by Anthony Stewart.
7:08 of 1st period - Shot Misses the Net.
7:14 of 1st period - Snap shot by Maxim Talbot.
7:14 of 1st period - Shot Misses the Net.
7:24 of 1st period - Vince Rocco is hit by Matt Lashoff and loses puck.
7:29 of 1st period - Wrist shot by Vojtech Polak.
7:29 of 1st period - Shot Misses the Net.
7:45 of 1st period - Snap shot by Mark Mancari.
7:45 of 1st period - Shot Misses the Net.
7:47 of 1st period - Snap shot by Mike Rathje.
7:47 of 1st period - Stopped by Antero Niittymaki with a rebound.
7:49 of 1st period - Wrist shot by Mark Mancari.
7:49 of 1st period - Shot Blocked by Taylor Chorney.
8:31 of 1st period - Chris Clark is hit by Masi Marjamaki.
8:45 of 1st period - Wrist shot by Adam Burish.
8:45 of 1st period - Stopped by Jhonas Enroth with a rebound.
9:03 of 1st period - Vince Rocco is hit by Mark Mancari and loses puck.
9:52 of 1st period - Maxim Talbot is hit by Brad Richardson and loses puck.
10:20 of 1st period - Icing by Karel Rachunek.
10:21 of 1st period - Lars Eller wins face-off versus Ryan Craig in Sewer Rats zone.
10:33 of 1st period - Janne Niskala is hit by Lars Eller and loses puck.
10:52 of 1st period - Wrist shot by Ryan Callahan.
10:52 of 1st period - Stopped by Antero Niittymaki without a rebound.
10:53 of 1st period - Brad Richardson wins face-off versus Bryan Little in Demolitions zone.
10:59 of 1st period - Minor Penalty to Marco Sturm for Interference.
11:00 of 1st period - Bryan Little wins face-off versus Jeremy Williams in Demolitions zone.
11:01 of 1st period - Snap shot by Andrew Ladd.
11:01 of 1st period - Shot Misses the Net.
11:03 of 1st period - Slapshot by Karel Rachunek.
11:03 of 1st period - Deflect By Adam Burish.
11:03 of 1st period - Stopped by Antero Niittymaki with a rebound.
11:05 of 1st period - Snap shot by Ryan Callahan.
11:05 of 1st period - Shot Misses the Net.
11:07 of 1st period - Backhand shot by Ryan Callahan.
11:07 of 1st period - Shot Misses the Net.
11:09 of 1st period - Slapshot by Ryan Callahan.
11:09 of 1st period - Shot Misses the Net.
11:36 of 1st period - Snap shot by Maxim Talbot.
11:36 of 1st period - Stopped by Antero Niittymaki with a rebound.
11:38 of 1st period - Slapshot by Raphael Diaz.
11:38 of 1st period - Stopped by Antero Niittymaki with a rebound.
12:59 of 1st period - Penalty to Marco Sturm is over, Marco Sturm is back on ice.
13:09 of 1st period - Robert Klinkhammer is hit by Matt Lashoff and loses puck.
14:04 of 1st period - Karel Rachunek is hit by Vince Rocco and loses puck.
14:37 of 1st period - Snap shot by Petr Vrana.
14:37 of 1st period - Shot Misses the Net.
14:39 of 1st period - Snap shot by Petr Vrana.
14:39 of 1st period - Shot Blocked by Niko Dimitrakos.
14:54 of 1st period - Chris Clark is hit by Adam Burish and loses puck.
15:11 of 1st period - Icing by Taylor Chorney.
15:12 of 1st period - Shawn Matthias wins face-off versus Vince Rocco in Demolitions zone.
15:13 of 1st period - Slapshot by Ville Leino.
15:13 of 1st period - Goal by Ville Leino - Demolitions : 0 - Sewer Rats : 1.
15:14 of 1st period - Bryan Little wins face-off versus Marco Sturm in neutral zone.
15:29 of 1st period - Minor Penalty to Andrew Ladd for Hooking.
15:30 of 1st period - Brad Richardson wins face-off versus Maxim Talbot in Sewer Rats zone.
15:57 of 1st period - Snap shot by Petr Vrana.
15:57 of 1st period - Shot Blocked by Chris Clark.
16:29 of 1st period - Andy Rogers is hit by Karel Rachunek and loses puck.
16:39 of 1st period - Minor Penalty to Karel Rachunek for High sticking.
16:40 of 1st period - Brad Richardson wins face-off versus Maxim Talbot in Sewer Rats zone.
16:47 of 1st period - Snap shot by Brad Richardson.
16:47 of 1st period - Shot Misses the Net.
16:49 of 1st period - Slapshot by Janne Niskala.
16:49 of 1st period - Deflect By Marco Sturm.
16:49 of 1st period - Stopped by Jhonas Enroth with a rebound.
16:51 of 1st period - Slapshot by Janne Niskala.
16:51 of 1st period - Shot Misses the Net.
17:29 of 1st period - Penalty to Andrew Ladd is over, Andrew Ladd is back on ice.
18:21 of 1st period - Icing by Brandon Bochenski.
18:22 of 1st period - Max Pacioretty wins face-off versus Brandon Bochenski in Demolitions zone.
18:39 of 1st period - Penalty to Karel Rachunek is over, Karel Rachunek is back on ice.
19:37 of 1st period - Niko Dimitrakos is hit by Anton Babchuk and loses puck.
2nd period
0:01 of 2nd period - Brad Richardson wins face-off versus Bryan Little in neutral zone.
0:06 of 2nd period - Wrist shot by Janne Niskala.
0:06 of 2nd period - Shot Misses the Net.
0:08 of 2nd period - Slapshot by Dennis Seidenberg.
0:08 of 2nd period - Deflect By Bryan Little.
0:08 of 2nd period - Stopped by Jhonas Enroth with a rebound.
0:10 of 2nd period - Snap shot by Marco Sturm.
0:10 of 2nd period - Shot Misses the Net.
0:12 of 2nd period - Slapshot by Dennis Seidenberg.
0:12 of 2nd period - Stopped by Jhonas Enroth with a rebound.
0:14 of 2nd period - Slapshot by Dennis Seidenberg.
0:14 of 2nd period - Shot Misses the Net.
0:16 of 2nd period - Backhand shot by Adam Burish.
0:16 of 2nd period - Goal by Adam Burish - Demolitions : 1 - Sewer Rats : 1.
0:17 of 2nd period - Brad Richardson wins face-off versus Bryan Little in neutral zone.
1:07 of 2nd period - Slapshot by Mark Mancari.
1:07 of 2nd period - Stopped by Antero Niittymaki with a rebound.
1:13 of 2nd period - Snap shot by Mark Mancari.
1:13 of 2nd period - Stopped by Antero Niittymaki without a rebound.
1:14 of 2nd period - Brad Richardson wins face-off versus Bryan Little in Demolitions zone.
1:14 of 2nd period - Brad Richardson is hit by Mattias Norstrom.
2:46 of 2nd period - Wrist shot by Andrew Ladd.
2:46 of 2nd period - Shot Misses the Net.
2:48 of 2nd period - Wrist shot by Karel Rachunek.
2:48 of 2nd period - Shot Misses the Net.
2:50 of 2nd period - Snap shot by Andrew Ladd.
2:50 of 2nd period - Shot Misses the Net.
3:00 of 2nd period - Janne Niskala is hit by Maxim Talbot and loses puck.
3:18 of 2nd period - Off-side.
3:19 of 2nd period - Anthony Stewart wins face-off versus Shawn Matthias in neutral zone.
3:24 of 2nd period - Mike Rathje is hit by Vladimir Mihalik and loses puck.
3:35 of 2nd period - Wrist shot by Anthony Stewart.
3:35 of 2nd period - Stopped by Jhonas Enroth with a rebound.
4:25 of 2nd period - Vladimir Mihalik is hit by Karel Rachunek and loses puck.
4:45 of 2nd period - Janne Niskala is hit by Shawn Matthias and loses puck.
5:33 of 2nd period - Snap shot by Janne Niskala.
5:33 of 2nd period - Stopped by Jhonas Enroth with a rebound.
6:13 of 2nd period - Snap shot by Andrew Ladd.
6:13 of 2nd period - Stopped by Antero Niittymaki with a rebound.
7:01 of 2nd period - Max Pacioretty is hit by Vladimir Mihalik and loses puck.
7:14 of 2nd period - Snap shot by Brandon Bochenski.
7:14 of 2nd period - Shot Misses the Net.
7:16 of 2nd period - Snap shot by Anton Babchuk.
7:16 of 2nd period - Stopped by Jhonas Enroth without a rebound.
7:17 of 2nd period - Vince Rocco wins face-off versus Lars Eller in Sewer Rats zone.
7:20 of 2nd period - Wrist shot by Brandon Bochenski.
7:20 of 2nd period - Goal by Brandon Bochenski - Demolitions : 2 - Sewer Rats : 1.
7:21 of 2nd period - Brad Richardson wins face-off versus Bryan Little in neutral zone.
7:30 of 2nd period - Snap shot by Adam Burish.
7:30 of 2nd period - Goal by Adam Burish - Demolitions : 3 - Sewer Rats : 1.
7:31 of 2nd period - Brad Richardson wins face-off versus Bryan Little in neutral zone.
8:28 of 2nd period - Wrist shot by Brandon Bochenski.
8:28 of 2nd period - Stopped by Jhonas Enroth with a rebound.
8:47 of 2nd period - Wrist shot by Ryan Callahan.
8:47 of 2nd period - Stopped by Antero Niittymaki with a rebound.
9:28 of 2nd period - Snap shot by Jeremy Williams.
9:28 of 2nd period - Shot Blocked by Karel Rachunek.
9:38 of 2nd period - Wrist shot by Bryan Little.
9:38 of 2nd period - Stopped by Antero Niittymaki without a rebound.
9:39 of 2nd period - Maxim Talbot wins face-off versus Brad Richardson in Demolitions zone.
9:44 of 2nd period - Wrist shot by Chris Clark.
9:44 of 2nd period - Stopped by Antero Niittymaki with a rebound.
9:46 of 2nd period - Wrist shot by Max Pacioretty.
9:46 of 2nd period - Stopped by Antero Niittymaki without a rebound.
9:47 of 2nd period - Brad Richardson wins face-off versus Maxim Talbot in Demolitions zone.
9:52 of 2nd period - Snap shot by Marco Sturm.
9:52 of 2nd period - Stopped by Jhonas Enroth with a rebound.
10:13 of 2nd period - Wrist shot by Maxim Talbot.
10:13 of 2nd period - Stopped by Antero Niittymaki without a rebound.
10:14 of 2nd period - Shawn Matthias wins face-off versus James Sheppard in Demolitions zone.
10:15 of 2nd period - Snap shot by Ville Leino.
10:15 of 2nd period - Shot Misses the Net.
10:17 of 2nd period - Snap shot by Shawn Matthias.
10:17 of 2nd period - Shot Blocked by Andy Rogers.
10:19 of 2nd period - Wrist shot by Mark Mancari.
10:19 of 2nd period - Deflect By Ville Leino.
10:19 of 2nd period - Stopped by Antero Niittymaki without a rebound.
10:20 of 2nd period - Shawn Matthias wins face-off versus James Sheppard in Demolitions zone.
11:21 of 2nd period - Slapshot by Adam Burish.
11:21 of 2nd period - Stopped by Jhonas Enroth with a rebound.
11:23 of 2nd period - Snap shot by Marco Sturm.
11:23 of 2nd period - Stopped by Jhonas Enroth with a rebound.
11:25 of 2nd period - Slapshot by Taylor Chorney.
11:25 of 2nd period - Stopped by Jhonas Enroth without a rebound.
11:26 of 2nd period - Ryan Craig wins face-off versus Shawn Matthias in Sewer Rats zone.
11:27 of 2nd period - Slapshot by Jeremy Williams.
11:27 of 2nd period - Stopped by Jhonas Enroth without a rebound.
11:28 of 2nd period - Ryan Craig wins face-off versus Shawn Matthias in Sewer Rats zone.
11:29 of 2nd period - Wrist shot by Petr Vrana.
11:29 of 2nd period - Shot Misses the Net.
11:31 of 2nd period - Slapshot by Janne Niskala.
11:31 of 2nd period - Shot Blocked by Shawn Matthias.
11:33 of 2nd period - Slapshot by Dennis Seidenberg.
11:33 of 2nd period - Deflect By Ryan Craig.
11:33 of 2nd period - Shot Misses the Net.
11:33 of 2nd period - Puck is out of play.
11:34 of 2nd period - Shawn Matthias wins face-off versus Ryan Craig in Sewer Rats zone.
12:03 of 2nd period - Wrist shot by Brad Richardson.
12:03 of 2nd period - Shot Misses the Net.
12:05 of 2nd period - Wrist shot by Janne Niskala.
12:05 of 2nd period - Shot Blocked by Mike Rathje.
12:49 of 2nd period - Snap shot by Brandon Bochenski.
12:49 of 2nd period - Stopped by Jhonas Enroth with a rebound.
13:15 of 2nd period - Petr Vrana is hit by Shawn Matthias and loses puck.
14:16 of 2nd period - Wrist shot by Vojtech Polak.
14:16 of 2nd period - Goal by Vojtech Polak - Demolitions : 3 - Sewer Rats : 2.
14:17 of 2nd period - Bryan Little wins face-off versus Brad Richardson in neutral zone.
14:42 of 2nd period - Matt Lashoff is hit by Ryan Craig.
15:48 of 2nd period - Brad Richardson is hit by Bryan Little and loses puck.
15:57 of 2nd period - Snap shot by Marco Sturm.
15:57 of 2nd period - Stopped by Jhonas Enroth with a rebound.
16:07 of 2nd period - Adam Burish is hit by Chris Clark and loses puck.
16:28 of 2nd period - Slapshot by Shawn Matthias.
16:28 of 2nd period - Shot Blocked by Marco Sturm.
16:57 of 2nd period - Petr Vrana is hit by Lars Eller and loses puck.
17:08 of 2nd period - Minor Penalty to Vladimir Mihalik for Interference.
17:09 of 2nd period - Ryan Callahan wins face-off versus James Sheppard in Demolitions zone.
17:10 of 2nd period - Snap shot by Bryan Little.
17:10 of 2nd period - Deflect By Ryan Callahan.
17:10 of 2nd period - Stopped by Antero Niittymaki without a rebound.
17:11 of 2nd period - Bryan Little wins face-off versus James Sheppard in Demolitions zone.
18:06 of 2nd period - Snap shot by Andrew Ladd.
18:06 of 2nd period - Shot Misses the Net.
19:08 of 2nd period - Penalty to Vladimir Mihalik is over, Vladimir Mihalik is back on ice.
19:43 of 2nd period - Mike Rathje is hit by Anthony Stewart.
19:57 of 2nd period - Vladimir Mihalik is hit by Mark Mancari and loses puck.
3rd period
0:01 of 3rd period - Brad Richardson wins face-off versus Bryan Little in neutral zone.
0:06 of 3rd period - Wrist shot by Brad Richardson.
0:06 of 3rd period - Shot Blocked by Ryan Callahan.
0:49 of 3rd period - Snap shot by Anthony Stewart.
0:49 of 3rd period - Stopped by Jhonas Enroth with a rebound.
0:51 of 3rd period - Snap shot by James Sheppard.
0:51 of 3rd period - Deflect By Masi Marjamaki.
0:51 of 3rd period - Stopped by Jhonas Enroth with a rebound.
0:53 of 3rd period - Slapshot by Anton Babchuk.
0:53 of 3rd period - Stopped by Jhonas Enroth without a rebound.
0:54 of 3rd period - Bryan Little wins face-off versus Brad Richardson in Sewer Rats zone.
1:08 of 3rd period - Icing by Vladimir Mihalik.
1:09 of 3rd period - Brad Richardson wins face-off versus Maxim Talbot in Demolitions zone.
1:09 of 3rd period - Adam Burish is hit by Max Pacioretty and loses puck.
1:23 of 3rd period - Minor Penalty to Anton Babchuk for Hooking.
1:24 of 3rd period - Adam Burish wins face-off versus Bryan Little in Demolitions zone.
1:35 of 3rd period - Wrist shot by Bryan Little.
1:35 of 3rd period - Deflect By Ryan Callahan.
1:35 of 3rd period - Stopped by Antero Niittymaki with a rebound.
1:37 of 3rd period - Slapshot by Karel Rachunek.
1:37 of 3rd period - Goal by Karel Rachunek - Demolitions : 3 - Sewer Rats : 3.
1:38 of 3rd period - Bryan Little wins face-off versus Brad Richardson in neutral zone.
2:04 of 3rd period - Petr Vrana is hit by Raphael Diaz.
2:12 of 3rd period - Snap shot by Jeremy Williams.
2:12 of 3rd period - Stopped by Jhonas Enroth with a rebound.
2:14 of 3rd period - Slapshot by Dennis Seidenberg.
2:14 of 3rd period - Goal by Dennis Seidenberg - Demolitions : 4 - Sewer Rats : 3.
2:15 of 3rd period - Brad Richardson wins face-off versus Bryan Little in neutral zone.
2:47 of 3rd period - Wrist shot by Jeremy Williams.
2:47 of 3rd period - Shot Misses the Net.
2:49 of 3rd period - Slapshot by Dennis Seidenberg.
2:49 of 3rd period - Deflect By Petr Vrana.
2:49 of 3rd period - Shot Misses the Net.
2:49 of 3rd period - Puck is out of play.
2:50 of 3rd period - Bryan Little wins face-off versus Petr Vrana in Sewer Rats zone.
3:15 of 3rd period - Andrew Ladd is hit by James Sheppard and loses puck.
3:23 of 3rd period - Off-side.
3:24 of 3rd period - Brad Richardson wins face-off versus Maxim Talbot in neutral zone.
3:53 of 3rd period - Snap shot by Dennis Seidenberg.
3:53 of 3rd period - Shot Misses the Net.
4:23 of 3rd period - Ryan Callahan is hit by Anthony Stewart and loses puck.
4:38 of 3rd period - Wrist shot by Robert Klinkhammer.
4:38 of 3rd period - Shot Misses the Net.
4:40 of 3rd period - Slapshot by Andy Rogers.
4:40 of 3rd period - Deflect By Brandon Bochenski.
4:40 of 3rd period - Shot Misses the Net.
4:40 of 3rd period - Puck is out of play.
4:41 of 3rd period - Brad Richardson wins face-off versus Lars Eller in Sewer Rats zone.
4:47 of 3rd period - Slapshot by Adam Burish.
4:47 of 3rd period - Shot Misses the Net.
4:49 of 3rd period - Slapshot by Andy Rogers.
4:49 of 3rd period - Stopped by Jhonas Enroth with a rebound.
4:51 of 3rd period - Wrist shot by Brad Richardson.
4:51 of 3rd period - Stopped by Jhonas Enroth with a rebound.
4:53 of 3rd period - Wrist shot by Brad Richardson.
4:53 of 3rd period - Deflect By Adam Burish.
4:53 of 3rd period - Shot Misses the Net.
4:53 of 3rd period - Puck is out of play.
4:54 of 3rd period - Andrew Ladd wins face-off versus Brad Richardson in Sewer Rats zone.
4:54 of 3rd period - Andrew Ladd is hit by Adam Burish.
5:41 of 3rd period - Off-side.
5:42 of 3rd period - Shawn Matthias wins face-off versus James Sheppard in neutral zone.
6:07 of 3rd period - Matt Lashoff is hit by Brad Richardson and loses puck.
6:14 of 3rd period - Slapshot by Kyle Quincey.
6:14 of 3rd period - Shot Blocked by Adam Burish.
6:16 of 3rd period - Slapshot by Bryan Little.
6:16 of 3rd period - Stopped by Antero Niittymaki with a rebound.
6:25 of 3rd period - Off-side.
6:26 of 3rd period - Maxim Talbot wins face-off versus Ryan Craig in neutral zone.
6:38 of 3rd period - Slapshot by Taylor Chorney.
6:38 of 3rd period - Shot Misses the Net.
6:56 of 3rd period - Wrist shot by Brad Richardson.
6:56 of 3rd period - Deflect By Raphael Diaz.
6:56 of 3rd period - Shot Blocked by Raphael Diaz.
6:56 of 3rd period - Puck is out of play.
6:57 of 3rd period - Bryan Little wins face-off versus Brad Richardson in Sewer Rats zone.
7:02 of 3rd period - Snap shot by Bryan Little.
7:02 of 3rd period - Shot Misses the Net.
7:38 of 3rd period - Snap shot by Andrew Ladd.
7:38 of 3rd period - Shot Misses the Net.
7:40 of 3rd period - Snap shot by Ryan Callahan.
7:40 of 3rd period - Deflect By Jeremy Williams.
7:40 of 3rd period - Goal by Ryan Callahan - Demolitions : 4 - Sewer Rats : 4.
7:41 of 3rd period - Brad Richardson wins face-off versus Maxim Talbot in neutral zone.
8:11 of 3rd period - Snap shot by Jeremy Williams.
8:11 of 3rd period - Shot Misses the Net.
8:13 of 3rd period - Wrist shot by Petr Vrana.
8:13 of 3rd period - Goal by Petr Vrana - Demolitions : 5 - Sewer Rats : 4.
8:14 of 3rd period - Brad Richardson wins face-off versus Bryan Little in neutral zone.
8:17 of 3rd period - Snap shot by Adam Burish.
8:17 of 3rd period - Shot Misses the Net.
8:23 of 3rd period - Snap shot by Adam Burish.
8:23 of 3rd period - Deflect By Bryan Little.
8:23 of 3rd period - Stopped by Jhonas Enroth without a rebound.
8:24 of 3rd period - Brad Richardson wins face-off versus Bryan Little in Sewer Rats zone.
8:25 of 3rd period - Wrist shot by Adam Burish.
8:25 of 3rd period - Stopped by Jhonas Enroth with a rebound.
8:27 of 3rd period - Slapshot by Dennis Seidenberg.
8:27 of 3rd period - Shot Misses the Net.
8:29 of 3rd period - Snap shot by Marco Sturm.
8:29 of 3rd period - Stopped by Jhonas Enroth with a rebound.
8:31 of 3rd period - Wrist shot by Dennis Seidenberg.
8:31 of 3rd period - Stopped by Jhonas Enroth without a rebound.
8:32 of 3rd period - Brad Richardson wins face-off versus Bryan Little in Sewer Rats zone.
8:37 of 3rd period - Snap shot by Adam Burish.
8:37 of 3rd period - Stopped by Jhonas Enroth with a rebound.
8:39 of 3rd period - Wrist shot by Adam Burish.
8:39 of 3rd period - Stopped by Jhonas Enroth with a rebound.
8:41 of 3rd period - Wrist shot by Adam Burish.
8:41 of 3rd period - Stopped by Jhonas Enroth with a rebound.
9:29 of 3rd period - Wrist shot by Shawn Matthias.
9:29 of 3rd period - Stopped by Antero Niittymaki with a rebound.
9:55 of 3rd period - Icing by Anthony Stewart.
9:56 of 3rd period - Bryan Little wins face-off versus James Sheppard in Demolitions zone.
10:03 of 3rd period - Wrist shot by Ryan Callahan.
10:03 of 3rd period - Shot Misses the Net.
10:05 of 3rd period - Wrist shot by Kyle Quincey.
10:05 of 3rd period - Shot Blocked by Anton Babchuk.
10:09 of 3rd period - Snap shot by Bryan Little.
10:09 of 3rd period - Stopped by Antero Niittymaki with a rebound.
10:11 of 3rd period - Wrist shot by Bryan Little.
10:11 of 3rd period - Goal by Bryan Little - Demolitions : 5 - Sewer Rats : 5.
10:12 of 3rd period - Bryan Little wins face-off versus Brad Richardson in neutral zone.
10:23 of 3rd period - Wrist shot by Andrew Ladd.
10:23 of 3rd period - Stopped by Antero Niittymaki with a rebound.
10:25 of 3rd period - Wrist shot by Ryan Callahan.
10:25 of 3rd period - Shot Misses the Net.
10:37 of 3rd period - Mike Rathje is hit by Janne Niskala and loses puck.
10:50 of 3rd period - Snap shot by Petr Vrana.
10:50 of 3rd period - Deflect By Max Pacioretty.
10:50 of 3rd period - Stopped by Jhonas Enroth without a rebound.
10:51 of 3rd period - James Sheppard wins face-off versus Andrew Ladd in Sewer Rats zone.
10:52 of 3rd period - Snap shot by Anthony Stewart.
10:52 of 3rd period - Shot Misses the Net.
11:10 of 3rd period - Andrew Ladd is hit by Masi Marjamaki and loses puck.
11:31 of 3rd period - Snap shot by Maxim Talbot.
11:31 of 3rd period - Stopped by Antero Niittymaki with a rebound.
11:33 of 3rd period - Slapshot by Chris Clark.
11:33 of 3rd period - Shot Misses the Net.
11:35 of 3rd period - Snap shot by Maxim Talbot.
11:35 of 3rd period - Stopped by Antero Niittymaki with a rebound.
12:28 of 3rd period - Slapshot by Mattias Norstrom.
12:28 of 3rd period - Stopped by Antero Niittymaki without a rebound.
12:29 of 3rd period - Maxim Talbot wins face-off versus James Sheppard in Demolitions zone.
12:45 of 3rd period - Minor Penalty to Chris Clark for Holding.
12:46 of 3rd period - Maxim Talbot wins face-off versus Brad Richardson in Sewer Rats zone.
13:12 of 3rd period - Dennis Seidenberg is hit by Mike Rathje and loses puck.
14:45 of 3rd period - Penalty to Chris Clark is over, Chris Clark is back on ice.
14:57 of 3rd period - James Sheppard is hit by Lars Eller and loses puck.
15:04 of 3rd period - Snap shot by Vojtech Polak.
15:04 of 3rd period - Shot Misses the Net.
15:06 of 3rd period - Wrist shot by Lars Eller.
15:06 of 3rd period - Deflect By Niko Dimitrakos.
15:06 of 3rd period - Shot Misses the Net.
15:06 of 3rd period - Puck is out of play.
15:07 of 3rd period - Mark Mancari wins face-off versus Vince Rocco in Demolitions zone.
15:18 of 3rd period - Wrist shot by Mark Mancari.
15:18 of 3rd period - Shot Blocked by Vladimir Mihalik.
15:58 of 3rd period - Snap shot by Anthony Stewart.
15:58 of 3rd period - Shot Misses the Net.
16:10 of 3rd period - Wrist shot by Brad Richardson.
16:10 of 3rd period - Shot Misses the Net.
16:12 of 3rd period - Slapshot by Anton Babchuk.
16:12 of 3rd period - Stopped by Jhonas Enroth without a rebound.
16:13 of 3rd period - Brad Richardson wins face-off versus Lars Eller in Sewer Rats zone.
16:40 of 3rd period - Janne Niskala is hit by Mark Mancari and loses puck.
17:08 of 3rd period - Jeremy Williams is hit by Matt Lashoff and loses puck.
17:13 of 3rd period - Snap shot by Andrew Ladd.
17:13 of 3rd period - Stopped by Antero Niittymaki without a rebound.
17:14 of 3rd period - Adam Burish wins face-off versus Maxim Talbot in Demolitions zone.
17:24 of 3rd period - Off-side.
17:25 of 3rd period - Brad Richardson wins face-off versus Shawn Matthias in neutral zone.
17:58 of 3rd period - Slapshot by Ryan Callahan.
17:58 of 3rd period - Stopped by Antero Niittymaki with a rebound.
18:00 of 3rd period - Slapshot by Ryan Callahan.
18:00 of 3rd period - Stopped by Antero Niittymaki with a rebound.
18:02 of 3rd period - Slapshot by Matt Lashoff.
18:02 of 3rd period - Stopped by Antero Niittymaki with a rebound.
18:04 of 3rd period - Slapshot by Matt Lashoff.
18:04 of 3rd period - Shot Misses the Net.
Overtime #1
0:01 of 1st overtime period - Maxim Talbot wins face-off versus Adam Burish in neutral zone.
0:10 of 1st overtime period - Wrist shot by Andrew Ladd.
0:10 of 1st overtime period - Deflect By Maxim Talbot.
0:10 of 1st overtime period - Stopped by Antero Niittymaki with a rebound.
0:12 of 1st overtime period - Snap shot by Andrew Ladd.
0:12 of 1st overtime period - Shot Misses the Net.
0:14 of 1st overtime period - Snap shot by Maxim Talbot.
0:14 of 1st overtime period - Shot Misses the Net.
0:16 of 1st overtime period - Snap shot by Maxim Talbot.
0:16 of 1st overtime period - Stopped by Antero Niittymaki with a rebound.
0:42 of 1st overtime period - Snap shot by Brandon Bochenski.
0:42 of 1st overtime period - Shot Misses the Net.
2:26 of 1st overtime period - Icing by Raphael Diaz.
2:27 of 1st overtime period - Adam Burish wins face-off versus Maxim Talbot in Sewer Rats zone.
2:42 of 1st overtime period - Snap shot by Ryan Callahan.
2:42 of 1st overtime period - Shot Misses the Net.
3:16 of 1st overtime period - Janne Niskala is hit by Matt Lashoff and loses puck.
4:14 of 1st overtime period - Marco Sturm is hit by Maxim Talbot and loses puck.
4:25 of 1st overtime period - Kyle Quincey is hit by Jeremy Williams and loses puck.
ShootOut
5:00 of 1st overtime period - Penalty Shot by Adam Burish for Demolitions.
5:00 of 1st overtime period - Snap shot by Adam Burish.
5:00 of 1st overtime period - Stopped by Jhonas Enroth.
5:00 of 1st overtime period - Penalty Shot by Maxim Talbot for Sewer Rats.
5:00 of 1st overtime period - Snap shot by Maxim Talbot.
5:00 of 1st overtime period - Stopped by Antero Niittymaki.
5:00 of 1st overtime period - Penalty Shot by Jeremy Williams for Demolitions.
5:00 of 1st overtime period - Wrist shot by Jeremy Williams.
5:00 of 1st overtime period - Goal by Jeremy Williams.
5:00 of 1st overtime period - Penalty Shot by Andrew Ladd for Sewer Rats.
5:00 of 1st overtime period - Wrist shot by Andrew Ladd.
5:00 of 1st overtime period - Stopped by Antero Niittymaki.
5:00 of 1st overtime period - Penalty Shot by Brad Richardson for Demolitions.
5:00 of 1st overtime period - Snap shot by Brad Richardson.
5:00 of 1st overtime period - Stopped by Jhonas Enroth.
5:00 of 1st overtime period - Penalty Shot by Bryan Little for Sewer Rats.
5:00 of 1st overtime period - Backhand shot by Bryan Little.
5:00 of 1st overtime period - Stopped by Antero Niittymaki.
Output by the SimonT Hockey Simulator (STHS) for François Prévost -- Original Page W3C XHTML 1.0 Valid